 Dungeon Crawl Stone Soup version bcrawl-1.15.1 (webtiles) character file.

Game seed: 3882194870202256874

65 Hylith the Shield-Bearer (level 3, -3/33 HPs)
             Began as a Minotaur Fighter on Oct 3, 2019.
             Asphyxiated
             ... on level 3 of the Dungeon.
             The game lasted 00:03:15 (2226 turns).

Hylith the Shield-Bearer (Minotaur Fighter)         Turns: 2226, Time: 00:03:16

Health: -3/33      AC:  7    Str: 21    XL:     3   Next: 92%
Magic:  2/2        EV:  7    Int:  5    God:
Gold:   191        SH:  9    Dex:  9    Spells: 2/2 levels left

rFire    . . .     SeeInvis .   a - +0 war axe
rCold    . . .     Gourm    .   c - +0 shield
rNeg     . . .     Faith    .   b - +0 scale mail
rPois    .         Spirit   .   (helmet restricted)
rElec    .         Reflect  .   (no cloak)
rCorr    .         Harm     .   (no gloves)
MR       +....                  (no boots)
Stlth    ++........             (no amulet)
HPRegen  0.11/turn              q - ring of stealth
MPRegen  0.08/turn              s - ring of protection from magic

@: lethally poisoned (-3 -> -42), hasted and slowed
A: retaliatory headbutt, horns 2
a: no special abilities


You were on level 3 of the Dungeon.
You were not hungry.

You visited 1 branch of the dungeon, and saw 3 of its levels.

You collected 191 gold pieces.

Inventory:

Hand Weapons
 a - a +0 war axe (weapon)
Armour
 b - a +0 scale mail (worn)
 c - a +0 shield (worn)
Jewellery
 q - a ring of stealth (left hand)
 s - a ring of protection from magic (right hand)
Wands
 g - a wand of disintegration (10)
Scrolls
 h - 2 scrolls of remove curse
 k - a scroll of enchant weapon {unknown}
 m - 6 scrolls of teleportation {unknown}
Potions
 d - a potion of might
 e - a potion of ambrosia
 l - 2 potions of magic
 n - a potion of lignification {unknown}
 o - 2 potions of degeneration
 r - a potion of heal wounds
 u - a potion of brilliance
Comestibles
 f - 6 rations {!d}
 p - a chunk of flesh


   Skills:
 + Level 4.2 Fighting
 * Level 3.5 Axes
 + Level 3.9 Armour
 * Level 4.4 Shields
 + Level 0.2 Evocations


You had 2 spell levels left.
You didn't know any spells.
Your spell library was empty.

Dungeon Overview and Level Annotations

Branches:
Dungeon (3/12)

Altars:
Hepliaklqana
Sif Muna


Innate Abilities, Weirdness & Mutations

You reflexively headbutt those who attack you in melee.
You have a pair of horns on your head.


Message History

You feel very sick.
The kobold shoots a curare-tipped needle.
You block the curare-tipped needle.
You feel sick.
The kobold shoots a curare-tipped needle.
The curare-tipped needle hits you.
You are more poisoned.
You have difficulty breathing.
* * * LOW HITPOINT WARNING * * *
You feel as though you will be slow longer.
The kobold shoots a curare-tipped needle.
The curare-tipped needle closely misses you.
It was a potion of haste.
You feel yourself speed up.
* * * LOW HITPOINT WARNING * * *
You feel very sick.
The kobold shoots a curare-tipped needle.
The curare-tipped needle hits you.
You are more poisoned.
You have difficulty breathing.
You die...

#.# #.###........ #.
#.#.#
###.####.###.###..## #.
#.#.# .............#
#... .. .#.#
###.####.###.###.#####.#
#.# # ##.#
#^....).......... #)#
#........(..........####
#.# ..#
.#######....K...# #.#
### ## #........# #.# ..
#....@...# #.# ###
#........#### #.#
#.>.........[ #>#
#...........# #.#
#####.####### #.# #.#
#.# #.# #.# #.#
#########.#
#.####.........#


You could see a kobold.

Vanquished Creatures
  An ooze (D:2)
  4 worms
  A leopard gecko (D:1)
  An orc (D:3)
  A giant cockroach (D:1)
  8 hobgoblins
  A jackal (D:3)
  2 quokkas (D:2)
  A ball python (D:1)
  4 bats
  3 frilled lizards (D:1)
  6 goblins
  9 kobolds
  4 rats
46 creatures vanquished.

Notes
Turn   | Place    | Note
-------+----------+-------------------------------------------
     0 | D:1      | Hylith the Minotaur Fighter began the quest for the Orb.
     0 | D:1      | Reached XP level 1. HP: 19/19 MP: 0/0
   109 | D:1      | Reached XP level 2. HP: 21/27 MP: 1/1
  1283 | D:2      | Reached XP level 3. HP: 33/33 MP: 2/2
  1667 | D:2      | Found a shimmering blue altar of Sif Muna.
  1936 | D:3      | Found a hazy altar of Hepliaklqana.
  2226 | D:3      | HP: 1/33 [poisoned by kobold (curare-tipped needle)]
  2226 | D:3      | Asphyxiated

Skill      XL: |  1  2 |
---------------+-------+-----
Axes           | 3 |  3.5
Shields        | 4 |  4.4
Fighting       | 4 |  4.2
Armour         | |  3.9
Evocations     | |  0.2

Action                   || total
-------------------------++-------
Melee: War axe           ||   111
       Headbutt          ||    16
  Use: Scroll            ||     6
       Potion            ||     1
 Stab: Sleeping          ||     1
  Eat: Chunk             ||     4
Armor: Scale mail        ||    44
Dodge: Dodged            ||    47
Block: Shield            ||    56
